Cogmind - Beta 13 @@@ ROGUE MODE // 2024.04.08 @ 18:39:24 Player: Fractal Result: Destroyed by AA-9VN(R) with Subdweller Machine Gun Performance ------------- Evolutions (0) 0 Regions Visited (2) 400 Robots Destroyed (27) 135 Value Destroyed (517) 517 Prototype IDs (0) 0 Alien Tech Used (0) 0 Bonus (0) 0 TOTAL SCORE: 1052 Bonus ------- None Cogmind --------- Core Integrity 0/250 Matter 290/300 Energy 200/200 System Corruption 0% Temperature Cool (0) Movement Walking (190) Ox1 Location -10/Subcaves Parts ------- > --- POWER (1) -------- Subdweller Power Source > --- PROPULSION (2) --- Aluminum Leg Aluminum Leg > --- UTILITY (2) ------ Large Storage Unit > --- WEAPON (2) ------- Subdweller Machine Gun Datajack > --- INVENTORY (15) --- Ion Engine Aluminum Leg Aluminum Leg Compact Wheel Medium Storage Unit Signal Interpreter Improved Terrain Scanner Medium Armor Plating Hacking Suite Medium Laser Medium Laser Light Assault Rifle Grenade Launcher Mining Laser Mining Claw Peak State ------------ > --- POWER ------------ Subdweller Power Source > --- PROPULSION ------- Aluminum Leg Aluminum Leg > --- UTILITY ---------- Large Storage Unit Structural Scanner > --- WEAPON ----------- Medium Laser Subdweller Machine Gun > --- INVENTORY -------- Ion Engine Aluminum Leg Aluminum Leg Compact Wheel Medium Storage Unit Signal Interpreter Improved Terrain Scanner Medium Armor Plating Hacking Suite Medium Laser Light Assault Rifle Grenade Launcher Datajack Mining Laser Mining Claw [Rating: 11] Favorites ----------- Power Ion Engine Engine Ion Engine Propulsion Aluminum Leg Leg Aluminum Leg Utility Large Storage Unit Device Structural Scanner Storage Large Storage Unit Weapon Medium Laser Energy Gun Medium Laser Ballistic Gun Assault Rifle Launcher Grenade Launcher Special Weapon Mining Laser Special Melee Weapon Datajack Build | -11 -10 -10 ------- Run | Yrd Mat Sub Slots Evolved . | . . . Power . | . . . Propulsion . | . . . Utility . | . . . Weapon . | . . . Parts Attached 25 | 7 13 5 Power 3 | 1 1 1 Engine 3 | 1 1 1 Core . | . . . Reactor . | . . . Propulsion 5 | 2 3 . Treads . | . . . Leg 5 | 2 3 . Wheel . | . . . Hover . | . . . Flight . | . . . Utility 4 | 2 2 . Device 2 | 1 1 . Storage 2 | 1 1 . Processor . | . . . Hackware . | . . . Protection . | . . . Artifact . | . . . Weapon 13 | 2 7 4 Energy Gun 6 | 1 4 1 Energy Cannon . | . . . Ballistic Gun 4 | 1 1 2 Ballistic Cannon . | . . . Launcher 1 | . 1 . Special Weapon 1 | . 1 . Impact Weapon . | . . . Slashing Weapon . | . . . Piercing Weapon . | . . . Special Melee Weapon 1 | . . 1 Unidentified Prototypes . | . . . Parts Lost 3 | . 2 1 Power 1 | . 1 . Propulsion . | . . . Utility 1 | . . 1 Weapon 1 | . 1 . Highest Loss Streak 1 | . 1 1 To Critical Strikes . | . . . Average Slot Usage (%) 98 | . 98 96 Engine 13 | . 13 14 Leg 28 | . 28 28 Device 13 | . 14 10 Storage 14 | . 14 14 Energy Gun 12 | . 12 12 Ballistic Gun 7 | . 6 7 Launcher 2 | . 3 . Special Weapon 4 | . 3 6 Naked Turns . | . . . Heaviest Build 32 | 12 31 32 Greatest Support 20 | 20 20 20 Greatest Overweight (x) 1 | . 1 1 Average Overweight (x) . | . . 1 Largest Inventory Capacity 15 | 8 15 15 Average Capacity 14 | 7 14 15 Most Carried 15 | 3 15 15 Average Carried 12 | 2 12 15 Final Capacity 15 | 8 15 15 Final Carried 15 | 3 15 15 Class Distribution -------------------- 100% | Mutant Dominant Class ---------------- Mutant | -10/Materials Mutant | -10/Subcaves Resources | -11 -10 -10 ----------- Run | Yrd Mat Sub Matter Collected 644 | 312 265 67 Remotely . | . . . Salvage Created 733 | 149 494 90 Parts 59 | 12 43 4 Haulers Intercepted . | . . . Recyclers Shooed . | . . . Parts Field Recycled . | . . . Retrieved Matter . | . . . Parts Self-Destructed 9 | . . 9 Prevented . | . . . Kills | -11 -10 -10 ------- Run | Yrd Mat Sub Combat Hostiles Destroyed 15 | . 13 2 Guns 10 | . 8 2 AOE 5 | . 5 . Classes Destroyed 8 | 3 4 1 Worker 2 | 1 1 . Tunneler 4 | 3 1 . Recycler 2 | 1 1 . Operator 1 | . 1 . Watcher 3 | . 3 . Swarmer 6 | . 6 . Grunt 7 | . 7 . Subdweller 2 | . . 2 Best Kill Streak 4 | 2 4 1 Combat Bots Only 3 | . 3 1 Max Kills in Single Turn 3 | 1 3 1 Gunslinging . | . . . Exploded 3 | . 3 . Melee . | . . . Uniques/NPCs Destroyed . | . . . Combat | -11 -10 -10 -------- Run | Yrd Mat Sub Hostile Shots Fired 97 | . 66 31 Missed 27 | . 19 8 Damage Taken 995 | . 549 446 Core 254 | . 108 146 Absorbed by Shields . | . . . Core Remaining (%) 100 | 100 . . Volleys Fired 78 | 14 47 17 Largest 2 | 2 2 2 Hottest 150 | 60 80 150 Shots Fired 143 | 28 83 32 Gun 134 | 28 79 27 Cannon . | . . . Launcher 4 | . 4 . Special 5 | . . 5 Kinetic 61 | 14 35 12 Thermal 54 | 14 20 20 Explosive 4 | . 4 . Electromagnetic 24 | . 24 . Robot Hit Streak 11 | 9 8 11 Robot Miss Streak 4 | 2 4 3 Penetration Max . | . . . Secondary Targets 1 | . 1 . Max Gunslinging Chain 1 | . 1 . Shots Hit Robots 91 | 18 44 29 Core Hits 39 | 5 31 3 Critical Kills . | . . . Critical Parts Destroyed . | . . . Critical Strikes 2 | . 1 1 Burn 2 | . 1 1 Melee Attacks 10 | . . 10 Impact . | . . . Slashing . | . . . Piercing . | . . . Sneak Attacks . | . . . Combat Hostiles . | . . . Follow-up Attacks . | . . . Damage Inflicted 1386 | 217 964 205 Guns 1007 | 217 585 205 Cannons . | . . . Explosions 379 | . 379 . Melee . | . . . Ramming . | . . . Kinetic 471 | 118 234 119 Thermal 319 | 99 134 86 Explosive 334 | . 334 . Electromagnetic 262 | . 262 . Impact . | . . . Slashing . | . . . Piercing . | . . . Highest Corruption . | . . . Average Corruption . | . . . Corruption Purged . | . . . Corruption Blocked . | . . . Overload Shots . | . . . Overflow Damage 25 | . 25 . Projectiles . | . . . Explosions 25 | . 25 . Melee . | . . . Knockbacks . | . . . Impact . | . . . Kinetic . | . . . Secondary . | . . . Self-Inflicted Damage 57 | . 57 . Shots 2 | . 2 . Rammed . | . . . Targets Rammed . | . . . Kicked . | . . . Crushed . | . . . Highest Temperature 75 | . 75 . Average Temperature 20 | . 20 . Received Heat Transfer 201 | . 201 . Siege Activations . | . . . Robots Corrupted . | . . . Combat Hostiles . | . . . Parts Fried . | . . . Impact Corruptions . | . . . Robots Melted . | . . . Combat Hostiles . | . . . Parts Melted . | . . . Heat Transferred 941 | 225 383 333 Parts Sabotaged . | . . . Parts Stolen . | . . . Parts Stripped . | . . . Power Chain Reactions 1 | . 1 . Alert | -11 -10 -10 ------- Run | Yrd Mat Sub Peak Influence 252 | 25 252 . Initial 16 | . 16 . Average 42 | 8 44 . Maximum Alert Level 1 | . 1 . Low Security (%) 95 | 100 95 . Level 1 4 | . 4 . Level 2 . | . . . Level 3 . | . . . Level 4 . | . . . Level 5 . | . . . High Security . | . . . Max Security . | . . . Squads Dispatched 4 | . 4 . Investigation 3 | . 3 . Extermination . | . . . Reinforcement 1 | . 1 . Assault . | . . . Garrison . | . . . Intercept . | . . . Searches Triggered . | . . . Construction Impeded . | . . . Haulers Reinforced . | . . . Active Scanning Responses . | . . . Cargo Convoy Interrupts . | . . . Stealth | -11 -10 -10 --------- Run | Yrd Mat Sub Distress Signals . | . . . Communications Jammed . | . . . Distress Signals . | . . . Times Spotted 22 | . 17 5 Peak Tracking Total 4 | . 4 3 Tactical Retreats . | . . . Traps | -11 -10 -10 ------- Run | Yrd Mat Sub Traps Triggered 1 | . 1 . Indirectly . | . . . Trap Hack Attempts . | . . . Triggered . | . . . Disarmed . | . . . Reprogrammed . | . . . Reused . | . . . Traps Extracted . | . . . Installed . | . . . Triggered 1 | . . 1 Machines | -11 -10 -10 ---------- Run | Yrd Mat Sub Machines Disabled 2 | . 2 . Max in Single Turn 2 | . 2 . Machines Repaired . | . . . Machines Dismantled . | . . . Machines Sabotaged . | . . . Overloaded Fab Kills . | . . . Hacking | -11 -10 -10 --------- Run | Yrd Mat Sub Machines Accessed 4 | . 4 . Terminals 3 | . 3 . Fabricators . | . . . Repair Stations . | . . . Recycling Units 1 | . 1 . Scanalyzers . | . . . Garrison Access . | . . . Total Hacks 13 | . 13 . Successful 6 | . 6 . Failed 7 | . 7 . Catastrophic 1 | . 1 . Database Lockouts . | . . . Manual 7 | . 7 . Terminals 10 | . 10 . Fabricators . | . . . Repair Stations . | . . . Recycling Units 3 | . 3 . Scanalyzers . | . . . Garrison Access . | . . . Terminal Hacks 5 | . 5 . Record 1 | . 1 . Terminal Index 1 | . 1 . Unreport Threat 2 | . 2 . Locate Traps 1 | . 1 . Fabricator Hacks . | . . . Repair Station Hacks . | . . . Recycling Unit Hacks 1 | . 1 . Report Inventory 1 | . 1 . Scanalyzer . | . . . Garrison Access Hacks . | . . . Unauthorized Hacks . | . . . Terminals . | . . . Fabricators . | . . . Repair Stations . | . . . Recycling Units . | . . . Scanalyzers . | . . . Garrison Access . | . . . Data Cores Recovered . | . . . Used . | . . . Hacking Detections 3 | . 3 . Full Trace Events 2 | . 2 . Feedback Events . | . . . Feedback Blocked . | . . . Robot Schematics Acquired . | . . . Robots Built . | . . . Authchips . | . . . Time . | . . . Total Robot Build Rating . | . . . Part Schematics Acquired . | . . . Parts Built . | . . . Authchips . | . . . Time . | . . . Total Part Build Rating . | . . . Parts Repaired . | . . . Time . | . . . Parts Recycled . | . . . Recycled Matter . | . . . Retrieved Matter . | . . . Retrieved Components . | . . . Parts Scanalyzed . | . . . Part Schematics Acquired . | . . . Parts Damaged . | . . . Bothacking | -11 -10 -10 ------------ Run | Yrd Mat Sub Used RIF Installer . | . . . Robots Hacked 1 | . . 1 Non-combat . | . . . Combat 1 | . . 1 Robot Hacks Applied 1 | . . 1 parse_system 1 | . . 1 Relay Couplers Released . | . . . Fabnet Peak Effective % . | . . . Robots Rewired . | . . . Allies Hacked . | . . . Hacks Repelled . | . . . Allies | -11 -10 -10 -------- Run | Yrd Mat Sub Total Allies . | . . . Largest Group . | . . . Highest-Rated Group . | . . . Highest-Rated Ally . | . . . Total Orders . | . . . Ally Attacks . | . . . Total Damage . | . . . Kills . | . . . Allies Corrupted . | . . . Allies Melted . | . . . Intel | -11 -10 -10 ------- Run | Yrd Mat Sub Robot Analysis Total . | . . . Derelict Logs Recovered 1 | . . 1 Drone Launches . | . . . Drone Recoveries . | . . . Exploration | -11 -10 -10 ------------- Run | Yrd Mat Sub Turns Passed 3387 | 209 2538 640 Spaces Moved 1545 | 134 1124 287 Core 10 | 10 . . Treads . | . . . Legs 1535 | 124 1124 287 Wheels . | . . . Hover . | . . . Flight . | . . . Fastest Speed 50 | 50 120 190 Average Speed 176 | 114 180 190 Slowest Speed 190 | 120 190 190 Overloaded Moves . | . . . Propulsion Burnouts . | . . . Robots Hopped . | . . . Cave-ins Triggered . | . . . Exploration Rate (%) 36 | 6 93 11 Regions Visited 2 Branch Regions 1 Pre-discovered Areas 1 | . . 1 Known Exits Taken . | . . . Unknown Exits Taken 2 | 1 1 . Scrap Searched . | . . . Spaces Dug . | . . . Terrain Destroyed 37 | . 37 . Melee . | . . . Projectile . | . . . AOE 37 | . 37 . Terrain Rammed . | . . . Walls Destroyed . | . . . Machines Disabled . | . . . Actions | -11 -10 -10 --------- Run | Yrd Mat Sub Total 2046 | 157 1554 335 Wait 363 | . 349 14 Move 1543 | 133 1123 287 Hop . | . . . Pick Up 15 | 3 12 . Fast Attach 11 | 7 4 . Attach 1 | . 1 . Detach 3 | . 3 . Swap 13 | . 8 5 Drop 9 | . 7 2 Fire 78 | 14 47 17 Melee 10 | . . 10 Ram . | . . . Kick . | . . . Crush . | . . . Escape Stasis . | . . . Rewire . | . . . Trap . | . . . Miscellaneous . | . . . Route ------- -11/Scrapyard -10/Materials (discovered 6 exits: [*Mat x3] / [*Min x2] / [*Sub]) -10/Subcaves History --------- Turn | Location | Event 43 | -11/Scrapyard | Discovered new exit (range 15) 210 | -11/Scrapyard | Entered Materials 302 | -10/Materials | Build established: Mutant 316 | -10/Materials | Discovered new exit (range 7) 567 | -10/Materials | Discovered new exit (range 16) 815 | -10/Materials | Discovered new exit (range 12) 828 | -10/Materials | Discovered new exit (range 7) 1374 | -10/Materials | Discovered new exit (range 8) 1502 | -10/Materials | Discovered new exit (range 12) 2748 | -10/Materials | Entered Subcaves 2798 | -10/Subcaves | Learned location of Zion (-6) 3003 | -10/Subcaves | Core integrity fell below 50% 3380 | -10/Subcaves | A Subdweller sparked back to life 3380 | -10/Subcaves | A Subdweller sparked back to life 3380 | -10/Subcaves | A Subdweller sparked back to life 3386 | -10/Subcaves | Core integrity fell below 20% 3388 | -10/Subcaves | Destroyed by AA-9VN(R) with Subdweller Machine Gun Last Messages --------------- AA-9VN(R) system offline. Sneak attack on XM-TEP(R). XM-TEP(R) system offline. Sneak attack on XM-TEP(R). XM-TEP(R) system offline. Sneak attack on XM-TEP(R). XM-TEP(R) system offline. Sneak attack on XM-TEP(R). XM-TEP(R) system offline. Sneak attack on XM-TEP(R). XM-TEP(R) system offline. XM-TEP(R) creaks and sparks as it begins to move. AA-9VN(R) creaks and sparks as it begins to move. PD-BZW(R) creaks and sparks as it begins to move. Jacked XM-TEP(R)... >>parse_system Reading system data... Map ----- +----------------------------------------------------+ | ??????????????????????????????????????????????? | | ??????????????????????????????????????????????? | | ??????????????????????????????????????????????? | | ??????????????????????????????????????????????? | | ??????????????????????????????????????????????? | | ??????????????????????????????????????????????? | | ??????????????????????????????????????????????? | | ??????????????????????????????????????????????? | | ??????????????????????????????????????????????? | | ??????????????????????????????????????????????? | | ??????????????????????????????????????????????? | | ??????????????????????????????????????????????? | | ??????????????????????????????????????????????? | | ??????????????????????????????????????????????? | | ??????????????????????????????????????????????? | | ??????????????????????????????????????????????? | | ??????????????????????????????????????????????? | | ??????????????????????????????????????????????? | | ??????????????????????????????????????????????? | | ????????????????????????????##????????????????? | | ??????????????????????####? ##???????????????? | | ????????????????????### ## #???????????????? | | ??????????????####### ##??????????????? | | ????????????### ##"" #??????????????? | | ????????????# < < "" # #??????????????? | | ????????????# ""R @ #### ##??????????????? | | ????????????#< <"R ########?????????????? | | ????????????# ### ## ###?????????????? | | ????????????# R ###### ##?????????????? | | ????????????####### ## # # ###?????????????? | | ????????????????###"=%| ## ##?????????????? | | ????????????????## """=% ## ##?????????????? | | ???????????????### "% ##### ###?????????????? | | ??????????????#### ####### ###?????????????? | | ?????????????#### ##??## ##?????????????? | | ?????????????### ###??## ####????????#### | | ?????????????## ####### ################# | | ?????????????## ## ###### ## ############ # | | ?????????????###### # ### ### | | ????????????????##### # | | ?????????????????####### & ## # ### | | ???????????????????########### # ## ## | | ??????????????????????################## | | ????????????????????????????############### # | | ??????????????????????????????????????######### | | ?????????????????????????????????????????###### | | ??????????????????????????????????????????????? | | ??????????????????????????????????????????????? | | ??????????????????????????????????????????????? | | ??????????????????????????????????????????????? | +----------------------------------------------------+ Best States ------------- Heat Dissipation 25 Energy Generation 15 Energy Capacity 250 Matter Stores 300 Matter Capacity 300 Sight Range 16 Terrain Scan Range 16 Terrain Scan Density 10 Evasion (%) 55 Item Schematics ----------------- None Robot Schematics ------------------ None Fabricated ------------ Nothing Alien Tech Used ----------------- None Achievements -------------- None Challenges ------------ None Game ------ Seed HypercooledRefineryWheel Manual? 0 Play Time 00:19:48 Cumulative 27.1 hours Start 2024.04.08 @ 18:21:06 End 2024.04.08 @ 18:39:24 Sessions 1 Manual Loads 0 Difficulty Rogue Special Mode None Game No. 37 Rogue 37 Adventurer 0 Explorer 0 Win Type - Total 0 Types 0/0/0/0/0/0/0/0/0 Lore% 18 Gallery% 23 Achievement% 17 Wizard Run 0 Options --------- Layout 1 ASCII 0 Keyboard 1 Movement Numpad Keybinds 0 Fullscreen 1 Font 48/Terminus Map View 25x17 Zoom Use 0% Tactical HUD 0 Map Filters NONE Filters BRIGHTNESS(75) Steam 1 RUN: aa145b07-5826-4c04-991e-177633dd9cfc